 Seeded DCSS version 0.29.1-12-g30fa7ad0bf (webtiles) character file.

Game seed: 1 (custom seed)

43 Kazon the Ducker (level 3, 0/40 HPs)
             Began as a Vampire Gladiator on Dec 13, 2022.
             Succumbed to a kobold's poison
             ... on level 2 of the Dungeon.
             The game lasted 00:04:10 (969 turns).

Kazon the Ducker (Vampire Gladiator)                 Turns: 969, Time: 00:04:10

Health: 0/40       AC:  7    Str: 15    XL:     3   Next: 37%
Magic:  3/3        EV: 13    Int: 10    God:
Gold:   167        SH:  0    Dex: 17    Spells: 2/2 levels left

rFire   . . .      SeeInvis +   a - +0 long sword
rCold   . . .      Faith    .   (no shield)
rNeg    + . .      Spirit   .   b - +0 leather armour
rPois   .          Reflect  .   c - +0 helmet
rElec   .          Harm     .   (no cloak)
rCorr   +          Rampage  .   (no gloves)
Will    .....                   m - +2 pair of boots
Stlth   ..........              g - amulet of the acrobat
HPRegen 0.33/turn               f - ring "Fetsol" {rN+ rCorr Dex+2}
MPRegen 0.08/turn               (no ring)

@: berserking, lethally poisoned (0 -> -22), healing quickly, very quick
A: alive, fangs 3, see invisible, vampiric 2
a: Exsanguinate


You were on level 2 of the Dungeon.
You visited 1 branch of the dungeon, and saw 2 of its levels.

You collected 167 gold pieces.

Inventory:

Hand Weapons
 a - a +0 long sword (weapon)
Missiles
 d - 3 throwing nets
 e - a javelin
 n - 3 stones (quivered)
Armour
 b - a +0 leather armour (worn)
 c - a +0 helmet (worn)
 m - a +2 pair of boots (worn)
Jewellery
 f - the ring "Fetsol" (left hand) {rN+ rCorr Dex+2}
   (You acquired it on level 1 of the Dungeon)

   [ring of positive energy]

   Dex:       It affects your dexterity (+2).
   rN:        It protects you from negative energy.
   rCorr:     It protects you from acid and corrosion.
 g - an amulet of the acrobat (around neck)
Scrolls
 k - a scroll of identify {unknown}
 o - a scroll of immolation {unknown}
Potions
 h - a potion of haste {unknown}
 i - a potion of flight {unknown}
 j - a potion of attraction {unknown}


   Skills:
 + Level 2.1 Fighting
 + Level 3.6 Long Blades
 + Level 1.6 Throwing
 + Level 0.2 Armour
 + Level 3.8 Dodging
 + Level 1.0 Stealth


You had 2 spell levels left.
You didn't know any spells.
Your spell library was empty.

Dungeon Overview and Level Annotations

Branches:
Dungeon (2/15)

Altars:


Innate Abilities, Weirdness & Mutations

Your natural rate of healing is accelerated.
You have razor-sharp teeth.
You have supernaturally acute eyesight. (SInv)
You are afflicted with vampirism and can become a bat while bloodless.


Message History

You slash the goblin!
You kill the goblin!
Found a chain mail.
Items here: )) ††.
There is an escape hatch in the floor here.
There is an escape hatch in the floor here.
Found a Young Poisoner's Handbook.
You now have 167 gold pieces (gained 13).
A kobold and a hobgoblin come into view.
The kobold is wielding a +2 dagger of venom.
The kobold shouts!
You hit the hobgoblin. Your bite misses the hobgoblin.
The hobgoblin is lightly wounded.
The hobgoblin hits you but does no damage.
The hobgoblin hits you.
You barely miss the hobgoblin. You bite the hobgoblin.
You kill the hobgoblin!
You barely miss the kobold.
The kobold hits you with a +2 dagger of venom.
You are poisoned.
You closely miss the kobold. You bite the kobold, but do no damage.
You feel very sick.
The kobold hits you with a +2 dagger of venom.
You barely miss the kobold.
You feel sick. The kobold hits you but does no damage.
You are more poisoned.
You closely miss the kobold.
You feel very sick.
The kobold hits you with a +2 dagger of venom.
You are lethally poisoned!
The kobold hits you with a +2 dagger of venom.
You are more poisoned.
You hit the kobold.
You kill the kobold!
* * * LOW HITPOINT WARNING * * *
You feel extremely sick.
It was a potion of berserk rage.
A red film seems to cover your vision as you go berserk!
You feel yourself moving faster!
You feel mighty!
You die...

########
.....).###########
######..........:#
#.>########.#
#......# #.#
##.###.# #@# #.#
#)# #[# #.# #..
#.# #.# #.# #.#
#.# #. #.# #.#


There were no monsters in sight!

Vanquished Creatures
  An adder (D:2)
  A worm (D:2)
  5 endoplasms
  A giant cockroach (D:1)
  6 goblins
  4 hobgoblins
  2 kobolds
  A quokka (D:1)
  A ball python (D:2)
  2 bats
  A frilled lizard (D:2)
  3 rats (D:1)
28 creatures vanquished.

Notes
Turn   | Place    | Note
-------+----------+-------------------------------------------
     0 | D:1      | Kazon the Vampire Gladiator began the quest for the Orb.
     0 | D:1      | Reached XP level 1. HP: 16/16 MP: 1/1
    33 | D:1      | Identified a scroll of acquirement
    33 | D:1      | Acquired the ring "Fetsol" {rN+ rCorr Dex+2}
   149 | D:1      | Reached XP level 2. HP: 22/22 MP: 2/2
   763 | D:2      | Reached skill level 1 in Stealth
   838 | D:2      | Gained mutation: You are afflicted with vampirism and can
                  | become a bat while bloodless. [Vampire growth]
   838 | D:2      | Reached XP level 3. HP: 27/27 MP: 3/3
   969 | D:2      | Succumbed to a kobold's poison

Illustrated notes

Levels and vault maps discovered:
D:1:      dpeg_arrival_three_smaller_balls, layout_basic
D:2:      layout_loops_ring

Skill      XL: |  1  2 |
---------------+-------+-----
Fighting       | 2 |  2.1
Stealth        | 1 |  1.0
Long Blades    | |  3.6
Throwing       | |  1.6
Armour         | |  0.2
Dodging        | |  3.8

Action                   || total
-------------------------++-------
Melee: Long sword        ||    74
       Bite              ||     5
       Punch             ||     1
Throw: Stone             ||     5
  Use: Scroll            ||     1
       Potion            ||     1
Armor: Leather armour    ||    27
Dodge: Dodged            ||    64
